 Dungeon Crawl Stone Soup version 0.23.2-1-ga50397a (webtiles) character file.

Game seed: 13691644096596031489

1461 pTCGFNYNwU3Fd6TS the Skirmisher (level 8, 0/83 (84) HPs)
             Began as a Troll Berserker on June 3, 2019.
             Was a Priest of Trog.
             Slain by an orc warrior
             ... wielding a +0 trident
              (24 damage)
             ... on level 6 of the Dungeon.
             The game lasted 00:34:38 (6831 turns).

pTCGFNYNwU3Fd6TS the Skirmisher (Troll Berserker)   Turns: 6831, Time: 00:34:39

HP:   0/83 (84)     AC: 12    Str: 29    XL:     8   Next: 48%
MP:   7/7           EV: 11    Int:  3    God:    Trog [***...]
Gold: 295           SH:  0    Dex: 10    Spells: 7/7 levels left

rFire    . . .     SeeInvis .   a - +0 mace
rCold    . . .     Gourm    +   (no shield)
rNeg     . . .     Faith    .   b - +1 animal skin
rPois    .         Spirit   .   h - +2 hat
rElec    .         Reflect  .   k - +0 cloak
rCorr    .         Harm     .   (gloves unavailable)
MR       .....                  (boots unavailable)
Stlth    ++........             (no amulet)
HPRegen  0.63/turn              o - ring of stealth
MPRegen  0.10/turn              u - ring of flight

@: no status effects
A: large, unfitting armour, claws 3, thin metallic scales 1, fast metabolism 3,
gourmand, regeneration 1, shaggy fur 1, strong 1, tough skin 3
a: Berserk, Trog's Hand, Renounce Religion, Evoke Flight


You were on level 6 of the Dungeon.
You worshipped Trog.
Trog was most pleased with you.
You were completely stuffed.

You visited 1 branch of the dungeon, and saw 6 of its levels.

You collected 295 gold pieces.

Inventory:

Hand Weapons
 a - a +0 mace (weapon)
 i - a +2 morningstar of venom
 t - a +0 great mace
 y - a +0 morningstar
Armour
 b - a +1 animal skin (worn)
 h - a +2 hat (worn)
 k - a +0 cloak (worn)
Jewellery
 o - a ring of stealth (left claw)
 u - a ring of flight (right claw)
Wands
 m - a wand of paralysis (8)
Scrolls
 d - 2 scrolls of immolation
 e - 6 scrolls of enchant armour
 f - 7 scrolls of teleportation
 j - 2 scrolls of blinking {unknown}
 l - 4 scrolls of remove curse {unknown}
 p - a scroll of fear {unknown}
 w - a scroll of identify
Potions
 g - 2 potions of might
 n - 2 potions of invisibility
 q - 3 potions of lignification
 r - 4 potions of curing
 s - a potion of haste
 v - 2 potions of degeneration {unknown}
 x - a potion of flight {unknown}
Comestibles
 c - 9 rations
 z - 7 chunks of flesh


   Skills:
 + Level 6.5 Fighting
 + Level 5.6 Maces & Flails
 + Level 5.1 Dodging


You had 7 spell levels left.
You didn't know any spells.
Your spell library was empty.

Dungeon Overview and Level Annotations

Branches:
Dungeon (6/15)             Temple (0/1) D:5

Altars:
The Shining One


Innate Abilities, Weirdness & Mutations

You are too large for most types of armour.
You have claws for hands.
Your metabolism is lightning-fast.
You like to eat raw meat.
Your natural rate of healing is unusually fast.
You are covered in fur. (AC +1)
You have extremely tough skin. (AC +3)
You are partially covered in thin metallic scales. (AC +2)
Your muscles are strong. (Str +2)


Message History

The orc is moderately wounded.
The orc hits you with a +0 club! The orc barely misses you.
The centaur shoots an arrow.
The arrow closely misses you. The orc hits you but does no damage.
The orc closely misses you.
The centaur shoots an arrow.
The arrow hits you!
You see here an arrow.
The centaur unwields a +0 shortbow.
The centaur misses you.
The centaur hits you but does no damage.
The orc shouts!
The orc wizard gestures wildly while chanting.
The orc wizard flickers and vanishes!
Deactivating autopickup; reactivate with Ctrl-A.
The orc warrior hits you from afar with a +0 trident!
The centaur closely misses you.
The orc warrior hits you from afar with a +0 trident.
* * * LOW HITPOINT WARNING * * *
The centaur barely misses you.
The orc warrior hits you from afar with a +0 trident!!
You die...

...?..........#
..............#
...............#
...............#
...............#
............#.# #
...............# ##.
......o..@..##..# #..
##.#>....ooc.....^#
#.####.................#
#.##.c.........o........
...........###.o......#.
..o.....................
.<##......###.........##
(#((((........(.........
........###<.#.#.#######


You could see an orc warrior, a centaur and 4 orcs.

Vanquished Creatures
  An orc warrior (D:4)
  A phantom (D:4)
  A sky beast (D:5)
  2 ogres (D:5)
  A necrophage (D:5)
  A big kobold (D:5)
  A bullfrog (D:5)
  A scorpion (D:5)
  A howler monkey (D:4)
  3 crimson imps (D:5)
  3 hounds
  A bullfrog zombie (D:5)
  2 orc priests (D:5)
  2 orc wizards
  An iguana (D:4)
  4 worker ants
  8 adders
  A shadow imp (D:5)
  An ooze (D:3)
  An adder skeleton (D:4)
  7 worms
  3 dart slugs
  3 leopard geckos
  22 orcs
  6 giant cockroaches
  5 goblins
  9 hobgoblins
  20 jackals
  17 kobolds
  2 quokkas
  3 ball pythons
  8 frilled lizards
  A quokka skeleton (D:6)
  4 rats
147 creatures vanquished.

Notes
Turn   | Place    | Note
-------+----------+-------------------------------------------
     0 | D:1      | pTCGFNYNwU3Fd6TS the Troll Berserker began the quest for
                  | the Orb.
     0 | D:1      | Reached XP level 1. HP: 22/22 MP: 0/0
    44 | D:1      | Reached XP level 2. HP: 29/29 MP: 1/1
   861 | D:1      | Reached skill level 3 in Fighting
   864 | D:1      | Reached XP level 3. HP: 37/37 MP: 2/2
  1335 | D:2      | Reached ** piety under Trog
  1510 | D:2      | Reached XP level 4. HP: 44/45 MP: 3/3
  2665 | D:3      | Reached XP level 5. HP: 53/54 MP: 4/4
  2964 | D:3      | Reached *** piety under Trog
  3147 | D:3      | Reached skill level 4 in Fighting
  3198 | D:3      | Found a glowing golden altar of the Shining One.
  3821 | D:4      | Noticed a phantom
  3831 | D:4      | Reached XP level 6. HP: 63/63 MP: 5/5
  3992 | D:5      | Entered Level 5 of the Dungeon
  4702 | D:4      | Gained mutation: You are weak. (Str -2) [potion of
                  | mutation]
  4702 | D:4      | Gained mutation: You are very weak. (Str -4) [potion of
                  | mutation]
  4702 | D:4      | Gained mutation: You are partially covered in thin metallic
                  | scales. (AC +2) [potion of mutation]
  4702 | D:4      | Gained mutation: You expend magic power (3 MP) to
                  | strengthen your wands. [potion of mutation]
  4703 | D:4      | Lost mutation: You are very weak. (Str -4) [potion of
                  | mutation]
  4703 | D:4      | Lost mutation: You expend magic power (3 MP) to strengthen
                  | your wands. [potion of mutation]
  4703 | D:4      | Lost mutation: You are weak. (Str -2) [potion of mutation]
  4703 | D:4      | Gained mutation: Your muscles are strong. (Str +2) [potion
                  | of mutation]
  4883 | D:5      | Reached skill level 5 in Fighting
  4883 | D:5      | Reached XP level 7. HP: 63/71 MP: 6/6
  5470 | D:4      | Reached skill level 6 in Fighting
  5470 | D:4      | Reached skill level 5 in Maces & Flails
  5470 | D:4      | Reached XP level 8. HP: 77/82 MP: 7/7
  5740 | D:5      | Found a staircase to the Ecumenical Temple.
  6552 | D:5      | Reached skill level 5 in Dodging
  6831 | D:6      | Slain by an orc warrior

Skill      XL: |  1  2  3  4  5  6  7  8 |
---------------+-------------------------+-----
Fighting       | 3 4 5 6 |  6.5
Maces & Flails | 3 4 5 |  5.6
Dodging        | 3 4 5 |  5.1

Action                   |  1- 3 |  4- 6 |  7- 9 || total
-------------------------+-------+-------+-------++-------
Melee: Mace              |   134 |   368 |   235 ||   737
Invok: Berserk           |       |     1 |     1 ||     2
       Trog's Hand       |       |     2 |     5 ||     7
  Use: Scroll            |       |     8 |       ||     8
       Potion            |       |     2 |       ||     2
 Stab: Sleeping          |       |     2 |     2 ||     4
       Distracted        |       |       |     1 ||     1
  Eat: Chunk             |    20 |    30 |    25 ||    75
Armor: Animal skin       |    49 |   135 |   136 ||   320
Dodge: Dodged            |    87 |   198 |   191 ||   476
